 Dungeon Sprint DCSS version 0.19.1-1-g22dce08 (webtiles) character file.

62092 dvd the Slayer (level 13, -1/179 (182) HPs)
             Began as an Ogre Berserker on Jan 6, 2017.
             Was the Champion of Trog.
             Succumbed to poison (dark miasma)
             ... in the Dungeon (Sprint III: "The Ten Rune Challenge").
             The game lasted 00:29:46 (4315 turns).

dvd the Slayer (Ogre Berserker)                     Turns: 4315, Time: 00:29:47

HP:   -1/179 (182)  AC:  1    Str: 28    XL:     13   Next: 75%
MP:   13/13         EV: 18    Int:  6    God:    Trog [******]
Gold: 4639          SH:  0    Dex: 13    Spells: 0 memorised, 12 levels left

rFire  + + .     SeeInvis .     b - +9 giant spiked club "Furadi" {speed, *Corrode rElec rF++ Str+3}
rCold  . . .     Gourm    .     x - +1 robe {MR+}
rNeg   . . .     Faith    +     (shield currently unavailable)
rPois  .         Spirit   .     B - +1 hat
rElec  +         Reflect  .     (no cloak)
rCorr  .         Harm     .     (gloves unavailable)
MR     ++++.     NoTele   +     (boots unavailable)
Stlth  +++.......               C - amulet of faith
                                (no ring)
                                (no ring)

@: lethally poisoned (-1 -> -53), corroded, recuperating, badly diseased
A: unfitting armour, blurry vision 1, mutation resistance 1, regeneration 1,
tough skin 1
a: Berserk, Trog's Hand, Brothers in Arms, Burn Spellbooks, Renounce Religion
}: 2/10 runes: serpentine, barnacled


You were in the Dungeon.
You worshipped Trog.
Trog was exalted by your worship.
You were not hungry.

You visited 1 branch You collected 4639 gold pieces.

Inventory:

Hand Weapons
 a - the +8 dire flail of Imbalance {drain, +Fly rElec rC+}
   (Trog gifted it to you in the Dungeon)

   A truly terrible weapon, it drains the life of those it strikes.
   It protects you from cold.
   It insulates you from electricity.
   It lets you fly.
 b - the +9 giant spiked club "Furadi" (weapon) {speed, *Corrode rElec rF++ Str+3}
   (Trog gifted it to you in the Dungeon)

   Attacks with this weapon are significantly faster.
   It affects your strength (+3).
   It greatly protects you from fire.
   It insulates you from electricity.
   It may corrode you when you take damage.
 j - a +4 antimagic great mace
 k - a +9 antimagic giant club
 m - a +2 great mace of protection
 r - a +7 mace of venom
 y - the +8 giant club "Duq Ysy" {freeze, +Blink}
   (Trog gifted it to you in the Dungeon)

   It has been specially enchanted to freeze those struck by it, causing extra
   injury to most foes and up to half again as much damage against particularly
   susceptible opponents.
   It can also slow down cold-blooded creatures.
   It lets you blink.
Missiles
 i - 11 large rocks (quivered)
 n - 5 javelins
 v - 4 javelins of returning
 w - 4 tomahawks
 z - 8 poisoned tomahawks
Armour
 s - a +0 shield of reflection
 x - a +1 robe of magic resistance (worn)
 B - a +1 hat (worn)
Jewellery
 C - an amulet of faith (around neck)
Wands
 d - a wand of random effects (19/48)
 l - a wand of paralysis (12/24)
Scrolls
 o - 3 scrolls of remove curse
 t - 2 scrolls of identify
 G - a scroll of magic mapping
Potions
 f - a potion of haste
 g - 2 potions of magic
 h - a potion of berserk rage
 q - 2 potions of cure mutation
 A - a potion of mutation
 D - 2 potions of agility
 E - a potion of might
 F - a potion of flight
Comestibles
 c - a bread ration
 p - 29 royal jellies
 u - 7 fruits
 H - 3 chunks of flesh


   Skills:
 + Level 25.1 Fighting
 + Level 24.6 Maces & Flails
 * Level 9.2 Throwing
 + Level 15.1 Dodging
 + Level 7.0 Stealth


You had 12 spell levels left.
You didn't know any spells.

Dungeon Overview and Level Annotations

Branches:
Dungeon (1/1)

Altars:
Cheibriados
Dithmenos
Elyvilon
Fedhas
Gozag
Hepliaklqana
Kikubaaqudgha
Makhleb
Nemelex Xobeh
Okawaru
Qazlal
Ru
Sif Muna
Trog
Uskayaw
Vehumet
Xom
Yredelemnul
Zin
The Shining One
Beogh
Jiyva
Lugonu

Shops:
D }(![!:%


Innate Abilities, Weirdness & Mutations

You are too large for most types of armour.
You have tough skin. (AC +1)
Scrolls take you a little longer to read.
You are somewhat resistant to further mutation.
Your natural rate of healing is unusually fast.


Message History

Unknown command.
You are engulfed in dark miasma.
You are more poisoned.
* * * LOW HITPOINT WARNING * * *
You feel very sick.
You are engulfed in dark miasma.
You are more poisoned.
You feel your flesh rotting away!
You feel ill.
* * * LOW HITPOINT WARNING * * *
x2 You feel very sick.
You are engulfed in dark miasma.
You are more poisoned.
You feel your flesh rotting away!
* * * LOW HITPOINT WARNING * * *
Your corrosive artefact corrodes you!
* * * LOW HITPOINT WARNING * * *
You feel very sick.
You are engulfed in dark miasma.
You are more poisoned.
* * * LOW HITPOINT WARNING * * *
You die...

▓#............##§#########****,,+
▓###########..##§#,,,,,,,,,,,+,,*
▓##......÷....##§#,,,,,,,********
▓#.....†.....###§#,,,,,***,∩⌠⌠∩,*
▓#..########## #§#,,,***,*,∩⌠⌠∩,*
▓#..)........###§#,***,,,*,∩∩∩∩,*
▓##.÷.........##§#+*,,,,,*,∩∩∩∩,*
▓ ##########).##§#,,,,,,,*,,,,,,*
▓##........)).##@#,,,,,,,***++***
▓#∩........).###§§§.....,*,*,,*,*
▓#∩.####################,*,,,,,,*
▓#∩...........#*,*,*,*,*,,,,,,,,*
▓##...........#*,,,,,,,,,,,,,,,,*
▓ #############*,,,,,,,,,,,,,,,,*
******************+**************
**,≈,,,,≈,*,,,***,,,**,*≈≈≈≈≈≈***
**≈,,,,,,≈*,,,**,,,,,**+*,≈≈,≈*,*


There were no monsters in sight!

Vanquished Creatures
  Rupert (D)
  A kraken (D)
  Gastronok (D)
  Donald (D)
  A nagaraja (D)
  2 dire elephants (D)
  Erolcha (D)
  A naga warrior (D)
  2 hydras (D)
  An alligator snapping turtle (D)
  An anaconda (D)
  4 death yaks (D)
  Urug (D)
  A spriggan druid (D)
  A death drake (D)
  A lindwurm (D)
  A deep elf mage (D)
  2 elephants (D)
  A guardian serpent (D)
  3 black mambas (D)
  2 spiny frogs (D)
  A komodo dragon (D)
  A rime drake (D)
  A queen bee (D)
  2 tyrant leeches (D)
  8 blink frogs (D)
  4 orc high priests (D)
  A shadow (D)
  5 redbacks (D)
  2 spriggans (D)
  2 nagas (D)
  2 hill giants (D)
  A spatial vortex (D)
  An orc warrior (D)
  2 water moccasins (D)
  A floating eye (D)
  A swamp drake (D)
  A necrophage (D)
  3 wandering mushrooms (D)
  3 two-headed ogres (D)
  A water elemental (D)
  32 killer bees (D)
  A jelly (D)
  2 orc priests (D)
  An orc wizard (D)
  A wizard (D)
  Jessica (D)
  A necromancer (D)
  A wolf simulacrum (D)
  3 humans (D)
  A kobold demonologist (D)
  3 adders (D)
  An ooze (D)
  A phantom (D)
  6 orcs (D)
  2 rats (D)
  A plant (D)
131 creatures vanquished.

Vanquished Creatures (collateral kills)
  Frances (D)
  5 anacondas (D)
  An alligator snapping turtle (D)
  An orc knight (D)
  2 orc sorcerers (D)
  A black mamba (D)
  4 snapping turtles (D)
  A water moccasin (D)
  2 fire dragon simulacra (D)
  An orc wizard (D)
  A wolf simulacrum (D)
  4 orcs (D)
24 creatures vanquished.

Vanquished Creatures (others)
  2 draconian scorchers (D)
  6 hellions (D)
  2 yaktaurs (D)
  An electric eel (D)
  9 plants (D)
20 creatures vanquished.

Grand Total: 175 creatures vanquished

Notes
Turn   | Place    | Note
-------+----------+-------------------------------------------
     0 | D        | dvd the Ogre Berserker began the quest for the Orb.
     0 | D        | Reached XP level 1. HP: 24/24 MP: 1/1
    14 | D        | Killed a yaktaur
    27 | D        | Noticed Jessica
    34 | D        | Killed Jessica
    34 | D        | Reached ** piety under Trog
    34 | D        | Reached skill level 6 in Fighting
    34 | D        | Reached XP level 2. HP: 20/36 MP: 2/2
    34 | D        | Reached XP level 3. HP: 25/44 MP: 3/3
    69 | D        | Killed a hellion
    71 | D        | Killed a hellion
    80 | D        | Killed a hellion
    88 | D        | Killed a hellion
    88 | D        | Killed a hellion
   117 | D        | Killed a hellion
   164 | D        | Killed a white draconian scorcher
   228 | D        | Killed a white draconian scorcher
   450 | D        | Reached *** piety under Trog
   468 | D        | Gained mutation: You are robust. (+10% HP) [potion of mutation]
   468 | D        | Gained mutation: Your natural rate of healing is unusually fast. [potion of mutation]
   468 | D        | Gained mutation: You heal very quickly. [potion of mutation]
   469 | D        | Gained mutation: You tend to lose your temper in combat. [potion of mutation]
   469 | D        | Lost mutation: You are robust. (+10% HP) [potion of mutation]
   469 | D        | Gained mutation: Your mind is acute. (Int +2) [potion of mutation]
   475 | D        | Lost mutation: Your mind is acute. (Int +2) [potion of cure mutation]
   475 | D        | Lost mutation: You tend to lose your temper in combat. [potion of cure mutation]
   475 | D        | Lost mutation: You heal very quickly. [potion of cure mutation]
   481 | D        | Noticed a water elemental
   487 | D        | Killed a water elemental
   487 | D        | Reached skill level 8 in Fighting
   487 | D        | Reached skill level 5 in Dodging
   487 | D        | Reached XP level 4. HP: 57/57 MP: 4/4
   528 | D        | Found a radiant altar of Vehumet.
   529 | D        | Found a deep blue altar of Sif Muna.
   529 | D        | Found an ancient bone altar of Kikubaaqudgha.
   529 | D        | Noticed a wizard
   531 | D        | Killed a wizard
   531 | D        | Reached XP level 5. HP: 66/66 MP: 5/5
   536 | D        | Reached **** piety under Trog
   536 | D        | Reached skill level 9 in Fighting
   562 | D        | Found a hide-covered altar of Uskayaw.
   562 | D        | Found a roughly hewn altar of Beogh.
   562 | D        | Found an iron altar of Okawaru.
   562 | D        | Found a bloodstained altar of Trog.
   562 | D        | Noticed a human
   563 | D        | Noticed a human
   573 | D        | Killed a human
   573 | D        | Reached skill level 10 in Fighting
   573 | D        | Reached skill level 10 in Maces & Flails
   573 | D        | Reached XP level 6. HP: 61/79 MP: 6/6
   579 | D        | Killed a human
   579 | D        | Reached ***** piety under Trog
   579 | D        | Reached skill level 11 in Fighting
   668 | D        | Found a glowing silver altar of Zin.
   668 | D        | Found a glowing golden altar of the Shining One.
   668 | D        | Found a white marble altar of Elyvilon.
   669 | D        | Noticed a deep elf mage
   681 | D        | Killed a deep elf mage
   681 | D        | Reached skill level 12 in Fighting
   681 | D        | Reached skill level 1 in Stealth
   681 | D        | Reached XP level 7. HP: 92/92 MP: 7/7
   720 | D        | Found a basalt altar of Yredelemnul.
   720 | D        | Found a shadowy altar of Dithmenos.
   720 | D        | Found a sacrificial altar of Ru.
   725 | D        | Reached skill level 13 in Fighting
   725 | D        | Reached XP level 8. HP: 100/100 MP: 8/8
   728 | D        | Received a gift from Trog
   791 | D        | Noticed a shadow
   798 | D        | Killed a shadow
   826 | D        | Found a blossoming altar of Fedhas.
   826 | D        | Found a stormy altar of Qazlal.
   826 | D        | Found a snail-covered altar of Cheibriados.
   826 | D        | Found a burning altar of Makhleb.
   826 | D        | Found a shimmering altar of Xom.
   827 | D        | Found a hazy altar of Hepliaklqana.
   827 | D        | Found an opulent altar of Gozag.
   827 | D        | Found a sparkling altar of Nemelex Xobeh.
   827 | D        | Found a corrupted altar of Lugonu.
   827 | D        | Found a viscous altar of Jiyva.
   864 | D        | Reached skill level 14 in Fighting
   912 | D        | Found Faguon's Food Boutique.
   913 | D        | Noticed an orc sorcerer
   914 | D        | Noticed an orc sorcerer
   914 | D        | Noticed an orc knight
   917 | D        | Killed an orc sorcerer
   917 | D        | Reached skill level 15 in Maces & Flails
   925 | D        | Killed an orc knight
   925 | D        | Reached skill level 10 in Dodging
   925 | D        | Reached XP level 9. HP: 112/112 MP: 9/9
   935 | D        | Killed an orc sorcerer
   953 | D        | Reached skill level 15 in Fighting
   954 | D        | Received a gift from Trog
  1071 | D        | Noticed Erolcha
  1084 | D        | Killed Erolcha
  1084 | D        | Reached ****** piety under Trog
  1084 | D        | Reached skill level 16 in Fighting
  1091 | D        | Received a gift from Trog
  1091 | D        | Reached XP level 10. HP: 118/125 MP: 10/10
  1092 | D        | Got a dazzling dire flail {god gift}
  1108 | D        | Identified the +8 dire flail of Imbalance {drain, +Fly rElec rC+} (Trog gifted it to you in the Dungeon)
  1296 | D        | Noticed a spiny frog
  1296 | D        | Noticed a spiny frog
  1299 | D        | Killed a spiny frog
  1299 | D        | Reached skill level 17 in Fighting
  1311 | D        | Killed a spiny frog
  1311 | D        | Received a gift from Trog
  1620 | D        | Reached skill level 18 in Fighting
  1626 | D        | Received a gift from Trog
  1672 | D        | Noticed Rupert
  1691 | D        | Killed Rupert
  1691 | D        | Reached skill level 19 in Fighting
  1691 | D        | Reached XP level 11. HP: 124/143 MP: 11/11
  1764 | D        | Noticed a death yak
  1765 | D        | Noticed a death yak
  1769 | D        | Noticed a death yak
  1769 | D        | Noticed a death yak
  1777 | D        | Killed a death yak
  1777 | D        | Reached skill level 20 in Fighting
  1784 | D        | Killed a death yak
  1791 | D        | Killed a death yak
  1795 | D        | Killed a death yak
  1800 | D        | Received a gift from Trog
  1800 | D        | Reached skill level 21 in Fighting
  1864 | D        | Noticed an azure jelly
  1864 | D        | Noticed an azure jelly
  1902 | D        | Noticed an azure jelly
  1902 | D        | Noticed an azure jelly
  1903 | D        | Noticed a dire elephant
  1903 | D        | Noticed a dire elephant
  1903 | D        | Noticed Gastronok
  1909 | D        | Killed Gastronok
  1909 | D        | Reached XP level 12. HP: 150/160 MP: 12/12
  1911 | D        | Killed a dire elephant
  1911 | D        | Received a gift from Trog
  1911 | D        | Reached skill level 5 in Stealth
  1920 | D        | Killed a dire elephant
  1920 | D        | Reached skill level 22 in Fighting
  1938 | D        | Got an ichor-stained giant spiked club {god gift}
  2159 | D        | Received a gift from Trog
  2161 | D        | Identified the +9 giant spiked club "Furadi" {speed, *Corrode rElec rF++ Str+3} (Trog gifted it to you in the Dungeon)
  2162 | D        | Noticed Urug
  2169 | D        | Killed Urug
  2169 | D        | Reached skill level 1 in Throwing
  2230 | D        | Noticed a four-headed hydra
  2230 | D        | Noticed a five-headed hydra
  2239 | D        | Killed a four-headed hydra
  2239 | D        | Reached skill level 23 in Fighting
  2242 | D        | Killed a five-headed hydra
  2394 | D        | Received a gift from Trog
  2526 | D        | Received a gift from Trog
  2570 | D        | Received a gift from Trog
  2601 | D        | Received a gift from Trog
  2604 | D        | Got a translucent dire flail {god gift}
  2605 | D        | Identified the +1 dire flail of Classification {venom, Fragile rF+ Str+3} (Trog gifted it to you in the Dungeon)
  2648 | D        | Gained mutation: Scrolls take you a little longer to read. [mutagenic glow]
  2722 | D        | Received a gift from Trog
  2962 | D        | Noticed Frances
  2963 | D        | Noticed Donald
  2969 | D        | Killed Donald
  2969 | D        | Received a gift from Trog
  2969 | D        | Reached skill level 5 in Throwing
  2971 | D        | Killed Frances
  2971 | D        | Received a gift from Trog
  2971 | D        | Reached XP level 13. HP: 108/178 MP: 13/13
  3182 | D        | Got a shimmering executioner's axe
  3324 | D        | Identified the cursed +0 executioner's axe of Eternity {elec, *Noise rC+ Int+2} (You found it in the Dungeon)
  3351 | D        | Received a gift from Trog
  3351 | D        | Reached skill level 24 in Fighting
  3382 | D        | Received a gift from Trog
  3386 | D        | Received a gift from Trog
  3387 | D        | Got a faintly glowing giant club {god gift}
  3388 | D        | Identified the +8 giant club "Duq Ysy" {freeze, +Blink} (Trog gifted it to you in the Dungeon)
  3424 | D        | Received a gift from Trog
  3563 | D        | Noticed a nagaraja
  3579 | D        | Killed a nagaraja
  3667 | D        | Found Rozeak's Antique Armour Shop.
  3667 | D        | Found Fetiaph's Distillery.
  3671 | D        | Found Fili Moe's Book Boutique.
  3690 | D        | Got a serpentine rune of Zot
  3697 | D        | Gained mutation: You are somewhat resistant to further mutation. [mutagenic meat]
  3761 | D        | Found a blossoming altar of Fedhas.
  3765 | D        | Received a gift from Trog
  3765 | D        | Reached skill level 15 in Dodging
  3886 | D        | Noticed a kraken
  3897 | D        | Killed a kraken
  3897 | D        | Received a gift from Trog
  3923 | D        | Found Kiteog's Distillery.
  3923 | D        | Found Wohipnit's Antique Weapon Boutique.
  3923 | D        | Found Laosotz's Gadget Shoppe.
  3942 | D        | Reached skill level 25 in Fighting
  3977 | D        | Got a barnacled rune of Zot
  4181 | D        | Received a gift from Trog
  4273 | D        | HP: 9/182 [poison (dark miasma)]
  4315 | D        | HP: 5/179 [something (5)]
  4315 | D        | Succumbed to poison (dark miasma)

Skill      XL: |  1  2  3  4  5  6  7  8  9 10 11 12 13 |
---------------+----------------------------------------+-----
Dodging        | 4 5 7 8 10 12 13 14 15 | 15.1
Fighting       | 6 8 10 12 13 14 16 19 21 23 25 | 25.1
Maces & Flails | 6 8 10 13 15 17 19 20 22 24 | 24.6
Stealth        | 1 2 4 6 7 |  7.0
Throwing       | 5 9 |  9.2

Action                   |  1- 3 |  4- 6 |  7- 9 | 10-12 | 13-15 || total
-------------------------+-------+-------+-------+-------+-------++-------
Melee: Mace              |    40 |    26 |    47 |       |       ||   113
       Dire flail        |       |       |    26 |   188 |       ||   214
       Giant spiked club |       |       |       |    71 |    83 ||   154
Throw: Tomahawk          |       |       |       |     1 |     1 ||     2
       Large rock        |       |       |       |       |     4 ||     4
Invok: Berserk           |     3 |     2 |     3 |     3 |       ||    11
       Burn Spellbooks   |       |     1 |       |       |       ||     1
       Brothers in Arms  |       |       |     4 |     4 |     4 ||    12
       Trog's Hand       |       |       |       |     1 |     3 ||     4
  Use: Potion            |     6 |       |       |     2 |     1 ||     9
       Scroll            |       |       |       |     4 |     1 ||     5
 Stab: Distracted        |       |       |       |     3 |       ||     3
       Sleeping          |       |       |       |     2 |     1 ||     3
  Eat: Fruit             |       |     1 |       |     1 |       ||     2
       Chunk             |       |     2 |     7 |     6 |    11 ||    26
       Royal jelly       |       |       |       |     1 |     2 ||     3
Armor: Animal skin       |     7 |     2 |     2 |       |       ||    11
       Robe              |       |       |     1 |    11 |     4 ||    16
Dodge: Dodged            |    19 |     6 |    41 |   142 |    49 ||   257
